 Dungeon Crawl Stone Soup version 0.19-a0-262-g5df7875 (webtiles) character file.

3804 Kidiri the Chucker (level 9, 0/89 HPs)
             Began as a Troll Hunter on May 25, 2016.
             Slain by a vampire (7 damage)
             ... on level 7 of the Dungeon.
             The game lasted 00:22:11 (8460 turns).

Kidiri the Chucker (Troll Hunter)                   Turns: 8460, Time: 00:22:12

Health: 0/89       AC:  8    Str: 20 (22) XL:     9   Next: 96%
Magic:  8/8        EV: 12    Int:  5      God:
Gold:   42         SH:  4    Dex: 11      Spells: 0 memorised, 8 levels left

rFire  + . .     SeeInvis .       - Unarmed
rCold  . . .     Gourm    +     r - +1 robe of Araitar {rCorr} (curse)
rNeg   . . .     Faith    .     (no shield)
rPois  .         Spirit   .     (helmet restricted)
rElec  .         Dismiss  .     (no cloak)
rCorr  +         Reflect  +     (gloves unavailable)
SustAt .         Harm     .     (boots unavailable)
MR     +....     Rnd*Rage +     v - +4 amulet of reflection
Stlth  +.........               s - ring of protection from magic
                                c - ring of protection from fire

@: somewhat resistant to hostile enchantments, very unstealthy
A: unfitting armour, claws 3, thin metallic scales 2, berserk 1, deformed body,
deterioration 1, dopey 1, fast metabolism 3, gourmand, regeneration 2, shaggy
fur 1, tough skin 2, weak 1, MP-powered wands
a: no special abilities


You were on level 7 of the Dungeon.
You were not hungry.

You visited 1 branch of the dungeon, and saw 7 of its levels.

You collected 269 gold pieces.
You spent 227 gold pieces at shops.

Inventory:

Missiles
 q - 3 javelins
 z - a large rock (quivered)
Armour
 a - a +1 robe of fire resistance
 b - a +2 robe
 r - the cursed +1 robe of Araitar (worn) {rCorr}
   (You bought it in a shop on level 4 of the Dungeon)

   It protects you from acid and corrosion.
   It has a curse placed upon it.
Jewellery
 c - a ring of protection from fire (left claw)
 s - a ring of protection from magic (right claw)
 v - a +4 amulet of reflection (around neck)
Wands
 d - a wand of flame (7/48)
 h - a wand of iceblast (9/15)
 l - a wand of confusion (45/48)
Scrolls
 j - a scroll of teleportation
 p - a scroll of recharging
Potions
 e - 6 potions of flight
 i - a potion of magic
 m - 4 potions of curing
 n - a potion of haste
 t - 2 potions of brilliance
Comestibles
 f - 8 bread rations
 g - 4 meat rations
 x - a beef jerky


   Skills:
 * Level 6.2 Fighting
 * Level 7.5 Throwing
 + Level 4.0 Armour
 * Level 6.0 Dodging
 - Level 0.4 Stealth
 + Level 4.8 Unarmed Combat


You had 8 spell levels left.
You didn't know any spells.

Dungeon Overview and Level Annotations

Branches:
Dungeon (7/15)
 Temple: D:4-7

Altars:
Gozag
Kikubaaqudgha
Nemelex Xobeh
Qazlal
Sif Muna
Ukayaw
Xom

Shops:
D:4 [?


Innate Abilities, Weirdness & Mutations

You are too large for most types of armour.
You have claws for hands.
Your metabolism is lightning-fast.
You like to eat raw meat.
You heal very quickly.
You are covered in fur. (AC +1)
You have very tough skin. (AC +2)
You are mostly covered in thin metallic scales. (AC +3)
You tend to lose your temper in combat.
Armour fits poorly on your strangely shaped body.
Your body sometimes deteriorates upon taking damage.
You are dopey. (Int -2)
You are weak. (Str -2)
You expend magic power (3 MP) to strengthen your wands.


Message History

The centaur skeleton barely misses you. Something hits you.
Something bites you but does no damage.
You miss something. You claw something! Your claw misses something.
Something hits you but does no damage. You block something's attack.
You barely miss something. Something hits you. Something bites you!
* * * LOW HITPOINT WARNING * * *
Something draws strength from your injuries!
You barely miss something. The centaur skeleton hits you.
* * * LOW HITPOINT WARNING * * *
Something hits you!
* * * LOW HITPOINT WARNING * * *
Something bites you!
* * * LOW HITPOINT WARNING * * *
Something draws strength from your injuries!
Drink which item? (? for menu, Esc to quit)
You feel better.
The centaur skeleton hits you but does no damage.
Something hits you!
You die...

.#.....###.##.##.#Z)...........#.
.#..........#....................
.#.....###..#..#.#.............#
.#.....# #..#..#.####.#..%.####
.#########.......# #)#....# .###
#........# #.#....# ...##
###...#..#.# #.#....#####
....###........#.# #.#........#
.....##.#......#@# #......###.#
......#.#..###.#Z# ######## #.#
........#......[.# ########.#
......###......### .........#
.....## ######## ########.#
....## #.# ...## #.## #### #...
#.#.


You could see a centaur skeleton.

Vanquished Creatures
  The ghost of George the Carver, a novice MiFi of Ukayaw (D:7)
  Prince Ribbit (D:6)
  Sigmund (D:6)
  Eustachio (D:6)
  Edmund (D:6)
  Duvessa (D:6)
  2 orc warriors
  2 sky beasts
  An ice beast (D:6)
  A necrophage (D:7)
  3 ogres
  2 centaurs
  A big kobold (D:4)
  5 giant frogs (D:6)
  Dowan (D:6)
  A scorpion (D:6)
  4 wights (D:6)
  A howler monkey (D:5)
  A crimson imp (D:6)
  2 hounds (D:5)
  2 jellies
  2 orc priests
  A centaur skeleton (D:6)
  A giant frog skeleton (D:6)
  An iguana (D:4)
  4 orc wizards
  5 worker ants
  A worker ant zombie (D:5)
  4 gnolls (D:4)
  A howler monkey skeleton (D:5)
  13 adders
  2 shadow imps
  An ooze (D:2)
  3 adder skeletons
  5 worms
  A dart slug (D:2)
  A giant gecko (D:5)
  16 orcs
  3 ball pythons
  9 bats
  5 giant cockroaches
  12 goblins
  5 hobgoblins
  13 jackals
  25 kobolds
  5 quokkas
  8 giant newts
  11 rats
  6 plants (D:4)
199 creatures vanquished.

Vanquished Creatures (others)
  A kobold (D:4)
  A plant (D:4)
2 creatures vanquished.

Grand Total: 201 creatures vanquished

Notes
Turn   | Place    | Note
--------------------------------------------------------------
     0 | D:1      | Kidiri the Troll Hunter began the quest for the Orb.
     0 | D:1      | Reached XP level 1. HP: 19/19 MP: 0/0
   118 | D:1      | Reached XP level 2. HP: 26/27 MP: 1/1
  1320 | D:2      | Reached XP level 3. HP: 22/35 MP: 2/2
  1395 | D:2      | Reached skill level 4 in Throwing
  1432 | D:2      | Reached skill level 1 in Unarmed Combat
  1688 | D:2      | Reached XP level 4. HP: 40/42 MP: 3/3
  2089 | D:2      | Found a stormy altar of Qazlal.
  2522 | D:3      | Noticed a centaur
  2535 | D:3      | Killed a centaur
  2535 | D:3      | Reached skill level 1 in Armour
  2535 | D:3      | Reached XP level 5. HP: 14/50 MP: 4/4
  2576 | D:3      | Gained mutation: You are partially covered in thin metallic scales. (AC +2) [potion of mutation]
  2576 | D:3      | Gained mutation: You tend to lose your temper in combat. [potion of mutation]
  2576 | D:3      | Gained mutation: You are partially covered in rough black scales. (AC +4, Dex -1) [potion of mutation]
  2577 | D:3      | Lost mutation: You are partially covered in rough black scales. (AC +4, Dex -1) [potion of mutation]
  2577 | D:3      | Gained mutation: Your body sometimes deteriorates upon taking damage. [potion of mutation]
  2577 | D:3      | Gained mutation: Armour fits poorly on your strangely shaped body. [potion of mutation]
  3482 | D:4      | Found Munuwoff's Antique Armour Emporium.
  3599 | D:4      | Found Fuesei's Magic Scroll Boutique.
  3612 | D:4      | Bought a scroll of identify for 28 gold pieces
  3612 | D:4      | Bought a scroll of identify for 28 gold pieces
  3671 | D:4      | Reached XP level 6. HP: 53/59 MP: 5/5
  3982 | D:4      | Found a deep blue altar of Sif Muna.
  4207 | D:4      | Noticed an orc warrior
  4227 | D:4      | Killed an orc warrior
  4242 | D:4      | Reached skill level 5 in Throwing
  4302 | D:4      | Reached XP level 7. HP: 67/67 MP: 6/6
  4822 | D:5      | Entered Level 5 of the Dungeon
  5010 | D:5      | Found an opulent altar of Gozag.
  5011 | D:5      | Found a sparkling altar of Nemelex Xobeh.
  5936 | D:5      | Found an ancient bone altar of Kikubaaqudgha.
  6332 | D:6      | Found a hide-covered altar to Ukayaw.
  6340 | D:6      | Reached XP level 8. HP: 78/78 MP: 7/7
  6406 | D:6      | Noticed Dowan
  6406 | D:6      | Noticed Duvessa
  6407 | D:6      | Noticed Eustachio
  6510 | D:6      | Killed Duvessa
  6667 | D:6      | Killed Eustachio
  6667 | D:6      | Reached skill level 6 in Throwing
  6699 | D:6      | Noticed Edmund
  6733 | D:6      | Killed Edmund
  6733 | D:6      | Reached skill level 5 in Fighting
  6736 | D:6      | Reached skill level 5 in Dodging
  6968 | D:6      | Killed Dowan
  6968 | D:6      | Reached XP level 9. HP: 66/88 MP: 8/8
  7037 | D:6      | Noticed Prince Ribbit
  7138 | D:6      | Found a shimmering altar of Xom.
  7237 | D:6      | Noticed Sigmund
  7248 | D:6      | Killed Sigmund
  7460 | D:6      | Killed Prince Ribbit
  7499 | D:5      | Reached skill level 7 in Throwing
  7591 | D:4      | Bought a shadowed robe for 171 gold pieces
  7601 | D:4      | Identified the cursed +1 robe of Araitar {rCorr} (You bought it in a shop on level 4 of the Dungeon)
  7976 | D:7      | Noticed George's ghost (novice MiFi)
  8255 | D:7      | Gained mutation: You are mostly covered in thin metallic scales. (AC +3) [mutagenic meat]
  8256 | D:7      | Gained mutation: You expend magic power (3 MP) to strengthen your wands. [mutagenic meat]
  8257 | D:7      | Gained mutation: You are weak. (Str -2) [mutagenic meat]
  8258 | D:7      | Gained mutation: You are dopey. (Int -2) [mutagenic meat]
  8328 | D:7      | Killed George's ghost
  8459 | D:7      | HP: 1/88 [something (12)]
  8460 | D:7      | Slain by a vampire

Vault maps used:
D:1:      dpeg_arrival_fog, minmay_misc_feat_secret_circle
D:2:      overflow_temple_1_default
D:4:      kennysheep_kobold_camp, lemuel_coloured_pillars_altar, serial_shops,
          shop_statue, kennysheep_mini_moat, kennysheep_small_spiral,
          guppyfry_early_orc_mine
D:5:      grunt_temple_overflow_opulence, lemuel_crystal_altar, first_bread
D:6:      old_standard_altar, lemuel_doored_altar,
          minmay_temple_entry_from_below_a, uniq_edmund, uniq_sigmund,
          uniq_eustachio, uniq_duvessa, uniq_prince_ribbit1

Skill      XL: |  1  2  3  4  5  6  7  8  9 |
---------------+----------------------------+-----
Dodging        | 2 3 4 5 6 |  6.0
Throwing       | 4 5 6 7 |  7.5
Unarmed Combat | 1 2 3 4 |  4.8
Fighting       | 2 3 4 5 6 |  6.2
Armour         | 1 2 3 4 |  4.0
Stealth        | |  0.4

Action                   |  1- 3 |  4- 6 |  7- 9 || total
-------------------------+-------+-------+-------++-------
Melee: Short sword       |    89 |   156 |       ||   245
       Punch             |       |     2 |     5 ||     7
       Unarmed           |       |    91 |   471 ||   562
Throw: Large rock        |    29 |    26 |    23 ||    78
       Throwing net      |       |     4 |     4 ||     8
       Javelin           |       |    14 |    24 ||    38
Evoke: Wand              |       |       |     1 ||     1
  Use: Scroll            |       |     8 |    10 ||    18
       Potion            |       |     2 |     5 ||     7
 Stab: Held in net/web   |       |     3 |       ||     3
  Eat: Chunk             |    21 |    26 |    39 ||    86
Armor: Robe              |    38 |    77 |   120 ||   235
Dodge: Dodged            |    55 |   116 |   199 ||   370
Block: Other             |       |    20 |    51 ||    71
       Reflection        |       |     2 |     1 ||     3
